 Dungeon Crawl Stone Soup version 0.17.0-22-g5edae84 (console) character file.

380 gw the Twirler (level 6, 0/38 HPs)
             Began as a Tengu Gladiator on Nov 12, 2015.
             Slain by an orc priest
             ... wielding a cursed -3 club
              (3 damage)
             ... on level 4 of the Dungeon.
             The game lasted 00:03:41 (3881 turns).

gw the Twirler (Tengu Gladiator)                    Turns: 3881, Time: 00:03:41

Health: 0/38       AC:  3    Str: 15    XL:     6   Next: 75%
Magic:  7/7        EV: 14    Int:  9    God:
Gold:   171        SH:  0    Dex: 16    Spells: 0 memorised, 5 levels left

rFire  . . .     SeeInvis .     a - +0 quarterstaff
rCold  . . .     Clarity  .     b - -1 leather armour (curse)
rNeg   . . .     SustAt   .     (shield currently unavailable)
rPois  .         Gourm    .     c - +0 hat
rElec  .         Spirit   .     (no cloak)
rCorr  .         Warding  .     i - +0 pair of gloves
rMut   .         Stasis   .     (boots unavailable)
MR     .....                    (no amulet)
Stlth  +.........               (no ring)
                                (no ring)

@: not resistant to hostile enchantments, very unstealthy
A: beak, talons 3, able to fly 1
a: Fly


You were on level 4 of the Dungeon.
You were not hungry.

You visited 1 branch of the dungeon, and saw 4 of its levels.

You collected 171 gold pieces.

Inventory:

Hand Weapons
 a - a +0 quarterstaff (weapon)
Missiles
 d - 3 throwing nets
 f - 125 stones
 k - a javelin (quivered)
Armour
 b - a cursed -1 leather armour (worn)
 c - a +0 hat (worn)
 g - a cursed +0 leather armour
 h - a +2 robe of magic resistance
 i - a +0 pair of gloves (worn)
 j - a +0 leather armour
Comestibles
 e - 3 bread rations


   Skills:
 + Level 3.7 Fighting
 * Level 5.5 Staves
 + Level 3.5 Throwing
 + Level 4.5 Dodging


You had 5 spell levels left.
You didn't know any spells.

Dungeon Overview and Level Annotations

Branches:
Dungeon (4/15)
 Temple: D:4-7

Altars:
Qazlal


Innate Abilities, Weirdness & Mutations

You have a beak for a mouth.
You have claws for feet.
You can fly.


Message History

ATTACK MOVE TO (-1,1)
You hit the ogre.
You kill the ogre!
The orc priest hits you but does no damage.
Unknown command.
Unknown command.
Unknown command.
Unknown command.
ATTACK MOVE TO (-1,1)
You closely miss the orc priest. Your peck misses the orc priest.
Unknown command.
Unknown command.
Unknown command.
Unknown command.
ATTACK MOVE TO (-1,1)
You sock the orc priest!
You claw the orc priest, but do no damage.
The orc priest is severely wounded.
The orc priest hits you with a club.
You die...

#......#.#
#.######.#
#.# #.#
#.# #.#
#.# #.#
#.# #.#
#.# ###
#.## #..
#(.....#Q#
..#
#######o##
#. ... #
#### #.


You could see an orc priest.

Table legend:
 A = Turns spent in this place as a percentage of turns spent in the entire game.
 B = Non-inter-level travel turns spent in this place as a percentage of non-inter-level travel turns spent in the entire game.
 C = Inter-level travel turns spent in this place as a percentage of turns spent in this place.
 D = Turns resting spent in this place as a percentage of non-inter-level travel turns spent in this place.
 E = Turns spent auto-exploring this place as a percentage of non-inter-level travel turns spent in this place.
 F = Non-inter-level travel turns spent in this place divided by the number of levels of this place that you've seen.
                   A       B       C       D       E      F
               +-------+-------+-------+-------+-------+----------------------
         Total | 100.0 | 100.0 |   1.9 |   1.3 |   2.3 | 1369.0
       Dungeon | 100.0 | 100.0 |   1.9 |   1.3 |   2.3 | 1369.0
               +-------+-------+-------+-------+-------+----------------------

Table legend:
 A = Kills in this place as a percentage of kills in entire the game.
 B = Kills by you in this place as a percentage of kills by you in the entire game.
 C = Kills by friends in this place as a percentage of kills by friends in the entire game.
 D = Other kills in this place as a percentage of other kills in the entire game.
 E = Experience gained in this place as a percentage of experience gained in the entire game.
 F = Experience gained in this place divided by the number of levels of this place that you have seen.
                   A       B       C       D       E      F
               +-------+-------+-------+-------+-------+----------------------
         Total | 100.0 | 100.0 |  -nan |  -nan | 100.0 | 136.0
       Dungeon | 100.0 | 100.0 |  -nan |  -nan | 100.0 | 136.0
               +-------+-------+-------+-------+-------+----------------------

Vanquished Creatures
  An ogre (D:4)
  2 orc priests (D:4)
  Jessica (D:2)
  An orc wizard (D:4)
  A worker ant (D:3)
  9 adders
  3 oozes (D:3)
  A worm (D:3)
  4 giant geckos
  3 orcs (D:3)
  13 bats
  4 giant cockroaches
  10 hobgoblins
  4 jackals (D:1)
  A ball python (D:3)
  3 giant newts
  7 goblins
  6 kobolds
  4 rats
78 creatures vanquished.

Notes
Turn   | Place    | Note
--------------------------------------------------------------
     0 | D:1      | gw the Tengu Gladiator began the quest for the Orb.
     0 | D:1      | Reached XP level 1. HP: 12/12 MP: 2/2
   248 | D:1      | Reached XP level 2. HP: 15/17 MP: 3/3
   868 | D:1      | Reached XP level 3. HP: 21/21 MP: 4/4
  1110 | D:1      | Reached skill level 4 in Staves
  1746 | D:2      | Noticed Jessica
  1753 | D:2      | Killed Jessica
  1753 | D:2      | Reached XP level 4. HP: 27/27 MP: 5/5
  2249 | D:3      | Gained mutation: You can fly. [Tengu growth]
  2249 | D:3      | Reached XP level 5. HP: 15/32 MP: 6/6
  2579 | D:3      | Found a stormy altar of Qazlal.
  3488 | D:3      | Reached skill level 5 in Staves
  3853 | D:4      | Noticed an ogre
  3863 | D:4      | Reached XP level 6. HP: 28/37 MP: 7/7
  3879 | D:4      | Killed an ogre
  3881 | D:4      | Slain by an orc priest

Action                   |  1- 3 |  4- 6 || total
-------------------------+-------+-------++-------
Melee: Quarterstaff      |    91 |   100 ||   191
Throw: Stone             |    59 |    78 ||   137
       Javelin           |     5 |    20 ||    25
  Eat: Chunk             |     2 |     7 ||     9

Vault maps used:
D:1:      minmay_arrival_open_corners
D:2:      first_bread, minivault_5, uniq_jessica
D:3:      nicolae_qazlal_general_emergency, grunt_ministairs_14, st_stairs_3
D:4:      grunt_gozag_statues
